 Dungeon Crawl Stone Soup version 0.31-a0-1603-gbec6b6c (webtiles) character file.

Game seed: 18063790103763815677

1256 Dorkslayer the Cleaver (level 8, 0/68 HPs)
             Began as a Hill Orc Fighter on Jan 7, 2024.
             Was an Initiate of Gozag.
             Slain by a killer bee (4 damage)
             ... on level 6 of the Dungeon.
             The game lasted 00:09:35 (4054 turns).

Dorkslayer the Cleaver (Hill Orc Fighter)           Turns: 4054, Time: 00:09:35

Health: 0/68       AC: 11    Str: 21    XL:     8   Next: 51%
Magic:  8/8        EV:  9    Int:  8    God:    Gozag
Gold:   1284       SH:  4    Dex: 10    Spells: 7/7 levels left

rFire   . . .        a - +1 war axe (spect)
rCold   + . .        c - +0 buckler
rNeg    . . .        p - +0 chain mail
rPois   .            (helmet restricted)
rElec   .            l - +0 cloak
rCorr   .            (no gloves)
SInv    .            (no boots)
Will    +....        h - amulet of magic regeneration Stlth
                     u - ring of protection from cold
HPRegen 0.31/turn    (no ring)
MPRegen 0.51/turn

%: no passive effects
@: mighty, gold aura, enlightened, flying, hasted, studying 2 skills, invisible,
very quick
A: antennae 1, inability to read after injury 1
a: Renounce Religion, Potion Petition, Call Merchant, Bribe Branch


You were on level 6 of the Dungeon.
You worshipped Gozag.
Gozag was most pleased with you.
You visited 2 branches of the dungeon, and saw 7 of its levels.

You collected 1340 gold pieces.
You paid 56 gold pieces to Gozag.

Inventory:

Hand Weapons
 a - a +1 spectral war axe (weapon)
Missiles
 b - 10 boomerangs (quivered)
Armour
 c - a +0 buckler (worn)
 l - a +0 cloak (worn)
 p - a +0 chain mail (worn)
 s - a +1 helmet
Jewellery
 h - an amulet of magic regeneration (around neck)
 u - a ring of protection from cold (left hand)
Wands
 e - a wand of mindburst (20)
 g - a wand of digging (4)
Scrolls
 i - 2 scrolls of teleportation
 m - 2 scrolls of enchant armour
Potions
 d - a potion of might
 f - a potion of haste
 k - 2 potions of berserk rage
 n - a potion of invisibility
 q - 2 potions of attraction


   Skills:
 + Level 5.3 Fighting
 + Level 8.0 Axes
 + Level 6.0 Armour
 * Level 3.4 Dodging
 + Level 4.6 Shields
 * Level 2.0 Evocations


You had 7 spell levels left.
You didn't know any spells.
Your spell library was empty.

Dungeon Overview and Level Annotations

Branches:
Dungeon (6/15)             Temple (1/1) D:4

Altars:
Ashenzari
Cheibriados
Dithmenos
Elyvilon
Fedhas
Gozag
Hepliaklqana
Kikubaaqudgha
Makhleb
Nemelex Xobeh
Okawaru
Ru
Sif Muna
Trog
Uskayaw
Vehumet
Wu Jian
Xom
Zin
The Shining One


Innate Abilities, Weirdness & Mutations

You have a pair of small antennae on your head.
You occasionally lose the ability to read scrolls when taking damage.


Message History

You slash the killer bee!
The killer bee is severely wounded.
The killer bee stings you but does no damage.
You miss the killer bee. The killer bee barely misses you.
The killer bee stings you.
You miss the killer bee. The killer bee stings you!
You are poisoned.
The killer bee poisons you!
The killer bee stings you but does no damage.
You miss the killer bee.
You feel sick. The killer bee closely misses you. The killer bee stings you.
* * * LOW HITPOINT WARNING * * *
You miss the killer bee.
You feel sick.
The killer bee stings you but does no damage.
The killer bee closely misses you. The killer bee stings you.
* * * LOW HITPOINT WARNING * * *
You miss the killer bee.
You feel sick. The killer bee barely misses you. The killer bee stings you!
* * * LOW HITPOINT WARNING * * *
You feel yourself speed up.
You feel sick.
The killer bee stings you but does no damage. x2
You fade into invisibility!
You feel sick.
You are no longer poisoned.
You block the killer bee's attack.
You feel very mighty all of a sudden. The killer bee stings you.
* * * LOW HITPOINT WARNING * * *
The killer bee barely misses you.
Okay, then.
It was a potion of enlightenment.
You feel very buoyant.
You fly up into the air.
The killer bee stings you but does no damage.
You catch the helpless killer bee completely off-guard!
You slice the killer bee!!
You kill the killer bee!
The killer bee stings you.
You die...
Your body crumbles into a pile of gold.

...# #......... #.
#.#+####+#+##).. .#.#
#....# #.#.##.##
.....
######....###.#.##.##
....
..........'..........
#...
####....###.#....##
#..### #.#'##
#.#######
#....#####.#.# #.# #
#.).y@..#.# #.# #
....!...#######.#
#.####### ........#
#.####.......+
.........
............##
.......!.
...........)''
####+##..#
...........)## ....
..........## ..##
#........##
#........#


You could see a killer bee (unable to see you).

Vanquished Creatures
  A troll (D:6)
  A steam dragon (D:6)
  Edmund (D:5)
  A black bear (D:4)
  3 killer bees (D:6)
  A howler monkey (D:6)
  A bombardier beetle (D:4)
  A jelly (D:6)
  Crazy Yiuf (D:6)
  4 hounds
  Jessica (D:3)
  5 iguanas
  4 orc wizards
  3 adders
  5 dart slugs
  A ribbon worm (D:4)
  15 orcs
  3 bats
  10 endoplasms
  2 giant cockroaches
  7 goblins
  5 hobgoblins
  5 jackals
  13 kobolds
  A quokka (D:1)
  6 ball pythons
  4 frilled lizards
  4 rats
109 creatures vanquished.

Notes
Turn   | Place    | Note
-------+----------+-------------------------------------------
     0 | D:1      | Dorkslayer the Hill Orc Fighter began the quest for the
                  | Orb.
     0 | D:1      | Reached XP level 1. HP: 19/19 MP: 1/1
    50 | D:1      | Reached XP level 2. HP: 27/27 MP: 2/2
   176 | D:1      | Reached skill level 3 in Axes
   186 | D:1      | Reached XP level 3. HP: 30/33 MP: 3/3
   820 | D:2      | Found a faded altar of an unknown god.
  1244 | D:3      | Reached skill level 1 in Dodging
  1246 | D:3      | Reached XP level 4. HP: 40/40 MP: 4/4
  1313 | D:3      | Noticed Jessica
  1320 | D:3      | Found a shimmering blue altar of Sif Muna.
  1341 | D:3      | Killed Jessica
  1342 | D:3      | Reached skill level 4 in Axes
  1939 | D:4      | Reached XP level 5. HP: 22/47 MP: 5/5
  2069 | D:4      | Gained mutation: You occasionally lose the ability to read
                  | scrolls when taking damage. [potion of mutation]
  2069 | D:4      | Gained mutation: You have a pair of small antennae on your
                  | head. [potion of mutation]
  2173 | D:4      | Found a staircase to the Ecumenical Temple.
  2204 | Temple   | Entered the Ecumenical Temple
  2224 | Temple   | Became a worshipper of Gozag Ym Sagoz the Greedy
  2492 | D:4      | Reached skill level 5 in Axes
  2510 | D:4      | Noticed a black bear
  2513 | D:4      | Killed a black bear
  2514 | D:4      | Reached XP level 6. HP: 51/53 MP: 6/6
  2672 | D:5      | Entered Level 5 of the Dungeon
  2786 | D:5      | Found a shadowy altar of Dithmenos.
  2927 | D:5      | Noticed Edmund
  2932 | D:5      | Reached skill level 6 in Axes
  2932 | D:5      | Reached XP level 7. HP: 48/60 MP: 7/7
  2939 | D:5      | Killed Edmund
  2940 | D:5      | Reached skill level 5 in Armour
  3233 | D:5      | Identified a scroll of acquirement
  3233 | D:5      | Acquired 839 gold pieces
  3333 | D:6      | Reached skill level 5 in Fighting
  3406 | D:6      | Noticed a troll
  3410 | D:6      | Reached skill level 7 in Axes
  3411 | D:6      | Killed a troll
  3412 | D:6      | Reached skill level 1 in Evocations
  3412 | D:6      | Reached XP level 8. HP: 33/68 MP: 8/8
  3710 | D:6      | Found a runed translucent door.
  3711 | D:6      | Noticed Crazy Yiuf
  3716 | D:6      | Killed Crazy Yiuf
  3898 | D:6      | Reached skill level 8 in Axes
  4054 | D:6      | Slain by a killer bee

Illustrated notes

Levels and vault maps discovered:
D:1:      dpeg_chamrin_arrival_tetris, layout_rooms
D:2:      layout_loops_ring, shapermc_ecumenical_altar_mp_vishouse,
          kennysheep_generic_room_9
D:3:      layout_basic, tgw_sif, nicolae_elevator_lobby_plus
D:4:      wad_pebble_path, layout_basic, minmay_temple_entry_stoned_glass
D:5:      layout_basic, old_standard_altar, uniq_edmund
D:6:      layout_basic, minmay_manual_monolith, uniq_crazy_yiuf_cottage
Temple:   regret_index_temple_chain_breaker

Skill      XL: |  1  2  3  4  5  6  7  8 |
---------------+-------------------------+-----
Fighting       | 4 5 |  5.3
Axes           | 3 4 5 6 7 8 |  8.0
Dodging        | 1 2 3 |  3.4
Armour         | 4 5 6 |  6.0
Shields        | 4 |  4.6
Evocations     | 1 2 |  2.0

Action                     |  1- 3 |  4- 6 |  7- 9 || total
---------------------------+-------+-------+-------++-------
  Melee: War axe           |   104 |   111 |    77 ||   292
  Throw: Boomerang         |       |       |     6 ||     6
    Use: Scroll            |       |    17 |     1 ||    18
         Potion            |       |     2 |     8 ||    10
   Stab: Invisible         |       |       |     1 ||     1
 Armour: Scale mail        |    52 |       |       ||    52
         Chain mail        |    18 |    81 |    74 ||   173
  Dodge: Dodged            |    53 |    38 |    31 ||   122
  Block: Buckler           |    26 |    33 |    18 ||    77

Table legend: (Time is in decaauts)
 A = Elapsed time spent in this place.
 B = Non-inter-level travel time spent in this place.
 C = Inter-level travel time spent in this place.
 D = Time resting spent in this place.
 E = Time spent auto-exploring this place.
 F = Levels seen in this place.
 G = Mean time per level.
                   A        B        C        D        E       F      G
               +--------+--------+--------+--------+--------+-----+--------+
         Total |   4137 |   4137 |      0 |    151 |   2265 |   7 |  591.0 |
       Dungeon |   4096 |   4096 |      0 |    151 |   2265 |   6 |  682.7 |
        Temple |     40 |     40 |      0 |      0 |      0 |   1 |   40.0 |
               +--------+--------+--------+--------+--------+-----+--------+

Top non-repeatable levels by time:
     D:6: 807 daAuts
     D:2: 773 daAuts
     D:4: 722 daAuts
     D:3: 698 daAuts
     D:5: 594 daAuts
     D:1: 500 daAuts
  Temple: 40 daAuts
